AoeStats
← Jazzmushroom

Black Forest

506914864Analyzed
1v1 RM · 16d ago on Sep 15, 2026· 38m 58s· 2 players
Game mode
Random Map
Map size
Tiny (2 player)
Population
200
Speed
Normal
Resources
Standard
Victory
Conquest
Starting age
Dark Age
Ending age
Imperial Age
RankedLock teamsTeams togetherTeam positionsShared explorationLock speedFull tech treeHidden civsTurbo modeCheats
Victory
Defeat
🇺🇸 Persians · United States
1414
+17
🇧🇷 Persians · Brazil
1437
-17
Jazzmushroom
0:51 Loom
11:43 Feudal Age
17:57 Castle Age
16:12 Double-Bit Axe
16:40 Horse Collar
19:47 Town Watch
20:38 Wheelbarrow
22:37 Bow Saw
26:23 Heavy Plow
29:25 Fletching
31:57 Bloodlines
32:08 Bodkin Arrow
33:05 Husbandry
38:49 Imperial Age
36:29 Devotion
38:40 Scale Barding Armor
Peretto
0:25 Loom
13:32 Feudal Age
18:11 Castle Age
17:26 Double-Bit Axe
22:10 Scale Barding Armor
31:03 Bow Saw
35:35 Fletching
36:11 Bodkin Arrow
Connection lost

Rejoining the realm…

Still unreachable

The connection could not be restored.

Session expired

The server has moved on; the page needs a fresh start.